 Dungeon Crawl Stone Soup version 0.31.0-11-ge490571c62 (webtiles) character file.

Game seed: 8362617553310654039

517 sanka the Ruffian (level 7, 0/67 HPs)
             Began as a Troll Monk on Feb 2, 2024.
             Slain by a draconian monk skeleton (1 damage)
             ... on level 1 of the Abyss.
             The game lasted 00:03:08 (2945 turns).

sanka the Ruffian (Troll Monk)                      Turns: 2945, Time: 00:03:09

Health: 0/67       AC:  4    Str: 20    XL:     7   Next: 0%
Magic:  6/6        EV: 10    Int:  6    God:
Gold:   199        SH:  0    Dex: 14    Spells: 6/6 levels left

rFire   . .          .
                       - Unarmed
rCold   . . .        c - orb {light}
rNeg    . . .        a - +0 robe
rPois   +            (helmet restricted)
rElec   .            (no cloak)
rCorr   .            (gloves unavailable)
SInv    .            (boots unavailable)
Will    .....        (no amulet)
Stlth   +            (no ring)
HPRegen 1.11/turn    r - ring of poison resistance
MPRegen 0.10/turn

%: no passive effects
@: glowing
A: large, unfitting armour, claws 3, regeneration 1, shaggy fur 1, tough skin 1
a: no special abilities


You were on level 1 of the Abyss.
You visited 1 branch of the dungeon, and saw 4 of its levels.
You visited the Abyss 1 time.

You collected 199 gold pieces.


Innate Abilities, Weirdness & Mutations

You are too large for most types of armour.
You have claws for hands.
Your natural rate of healing is unusually fast.
You are covered in fur. (AC +1)
You have tough skin. (AC +1)


   Skills:
 - Level 3.0 Fighting
 - Level 2.4 Dodging
 + Level 7.7 Unarmed Combat


You had 6 spell levels left.
You didn't know any spells.
Your spell library was empty.

Inventory:

Armour
 a - a +0 robe (worn)
 c - an orb of light (worn)
Jewellery
 r - a ring of poison resistance (right claw)
Wands
 q - a wand of mindburst (8)
 s - a wand of digging (6)
Scrolls
 d - a scroll of enchant weapon {unknown}
 j - a scroll of acquirement {unknown}
 k - 3 scrolls of identify {unknown}
 l - a scroll of fear {unknown}
 m - a scroll of summoning {unknown}
 n - a scroll of enchant armour {unknown}
 o - a scroll of teleportation {unknown}
 p - a scroll of vulnerability {unknown}
Potions
 b - a potion of ambrosia
 e - a potion of cancellation {unknown}
 f - a potion of berserk rage {unknown}
 g - a potion of invisibility {unknown}
 h - a potion of brilliance {unknown}
 i - 2 potions of attraction {unknown}

Dungeon Overview and Level Annotations

Branches:
Dungeon (4/15)
 Temple: D:4-7

Altars:
Ashenzari
Lugonu

Shops:
D:2 :

Portals:
Abyss: D:4

.. ... .. ▒.▒
▒▒.▒▒ ▒.▒
...▒▒▒...▒▒▒...
..▒.....▒..
.........
▒.....▒ ..
▒.Z.▒ . ▒.▒
▒T▒▒ ▒.▒
...▒▒▒...▒▒▒...
....▒.....▒...
...............
....▒.....▒..>.
...▒▒▒...▒▒▒...
▒.▒ ▒▒.▒▒ ▒.▒
.. ▒▒ ...▒▒▒...
. .. .....▒.. .


You could see a draconian monk skeleton.


Message History

Unknown command.
You claw the draconian monk skeleton!
The draconian monk skeleton is heavily damaged.
The draconian monk skeleton barely misses you.
The draconian monk skeleton kicks you!
The draconian monk skeleton tail-slaps you.
Unknown command.
You barely miss the draconian monk skeleton.
The draconian monk skeleton is heavily damaged.
The draconian monk skeleton hits you!!
* * * LOW HITPOINT WARNING * * *
The draconian monk skeleton closely misses you.
The draconian monk skeleton barely misses you.
You claw the draconian monk skeleton!
The draconian monk skeleton is severely damaged.
Unknown command.
You claw the draconian monk skeleton!
The draconian monk skeleton is almost destroyed.
The draconian monk skeleton hits you!
* * * LOW HITPOINT WARNING * * *
The draconian monk skeleton kicks you!
* * * LOW HITPOINT WARNING * * *
The draconian monk skeleton barely misses you.
You scratch the draconian monk skeleton.
The draconian monk skeleton is almost destroyed.
The draconian monk skeleton hits you!
* * * LOW HITPOINT WARNING * * *
The draconian monk skeleton misses you.
The draconian monk skeleton tail-slaps you.
You die...

Action                     |  1- 3 |  4- 6 |  7- 9 || total
---------------------------+-------+-------+-------++-------
  Melee: Unarmed           |    87 |    62 |     9 ||   158
 Armour: Robe              |    47 |    25 |    11 ||    83
  Dodge: Dodged            |    31 |    18 |     7 ||    56

Levels and vault maps discovered:
D:1:      elethiomel_arrival_maze, layout_basic, minmay_misc_feat_pillars,
          lexackson_kobold_supper
D:2:      layout_rooms, serial_shops, shop, basic_altar, minmay_misc_feat_iff,
          minmay_tromino_i4
D:3:      layout_basic, serial_glass, glass_columns_c, glass_columns_b,
          minmay_strange_pillars, feat_on_display, feat_on_display,
          item_on_display_a
D:4:      due_chaos_kobolds, layout_loops_ring, serial_aquarium,
          aquarium_bridge_square [aquarium_subvault_bridge,
          aquarium_subvault_balcony, aquarium_subvault_wall,
          aquarium_subvault_bridge], aquarium_bridge_island_large
          [aquarium_subvault_large_water, aquarium_subvault_bridge,
          aquarium_subvault_balcony, aquarium_subvault_wall,
          aquarium_subvault_balcony], aquarium_window_1, aquarium_window_1,
          aquarium_view_2c, aquarium_view_2e, aquarium_pool_2, uniq_edmund,
          uniq_grinder
Abyss:1:  base: D:3, guppyfry_abyss_exit_imp_island

Notes
Turn   | Place    | Note
-------+----------+-------------------------------------------
     0 | D:1      | sanka the Troll Monk began the quest for the Orb.
     0 | D:1      | Reached XP level 1. HP: 22/22 MP: 0/0
   115 | D:1      | Reached skill level 3 in Fighting
   115 | D:1      | Reached XP level 2. HP: 31/31 MP: 1/1
   790 | D:1      | Reached XP level 3. HP: 37/37 MP: 2/2
  1045 | D:2      | Found a broken altar of Ashenzari.
  1119 | D:2      | Found Pecufe's Book Boutique.
  1301 | D:2      | Reached skill level 4 in Unarmed Combat
  1963 | D:4      | Identified the +0 ring mail "Bicafa" {rC+}
  2057 | D:4      | Reached XP level 4. HP: 45/45 MP: 3/3
  2129 | D:4      | Reached skill level 5 in Unarmed Combat
  2134 | D:4      | Noticed Grinder
  2169 | D:4      | Killed Grinder
  2170 | D:4      | Reached skill level 6 in Unarmed Combat
  2170 | D:4      | Reached XP level 5. HP: 49/53 MP: 4/4
  2170 | D:4      | Reached XP level 6. HP: 56/61 MP: 5/5
  2409 | D:4      | Found a large runed translucent door.
  2409 | D:4      | Found a large runed translucent door.
  2409 | D:4      | Found a corrupted altar of Lugonu.
  2420 | D:4      | Reached skill level 7 in Unarmed Combat
  2760 | D:4      | Noticed Edmund
  2772 | D:4      | Killed Edmund
  2782 | D:4      | Found a one-way gate to the infinite horrors of the Abyss.
  2893 | Abyss:1  | Cast into level 1 of the Abyss (kobold)
  2919 | Abyss:1  | Reached XP level 7. HP: 67/67 MP: 6/6
  2945 | Abyss:1  | HP: 1/67 [draconian monk skeleton (9)]
  2945 | Abyss:1  | Slain by a draconian monk skeleton

Vanquished Creatures
  Grinder (D:4)
  Edmund (D:4)
  A howler monkey (D:4)
  A hound (D:4)
  5 adders
  2 ufetubi (Abyss:1)
  A dart slug (D:4)
  5 ball pythons
  4 bats
  4 endoplasms
  A giant cockroach (D:1)
  8 goblins
  7 hobgoblins
  11 kobolds
  3 quokkas
  3 frilled lizards
  11 rats
69 creatures vanquished.
